 Dungeon Crawl Stone Soup version 0.26.0-10-g1f06aea511 (webtiles) character file.

Game seed: 7660449303988609241

95 gruber the Firebug (level 4, 1/33 HPs)
             Began as a Hill Orc Fire Elementalist on Jan 28, 2021.
             Quit the game on level 3 of the Dungeon.
             The game lasted 00:04:33 (2612 turns).

gruber the Firebug (Hill Orc Fire Elementalist)     Turns: 2612, Time: 00:04:34

Health: 1/33       AC:  2    Str: 10    XL:     4   Next: 66%
Magic:  2/6        EV: 12    Int: 16    God:
Gold:   162        SH:  0    Dex: 11    Spells: 5/6 levels left

rFire    . . .     SeeInvis .   g - +0 hand axe
rCold    . . .     Faith    .   (no shield)
rNeg     . . .     Spirit   .   a - +0 robe
rPois    .         Reflect  .   (no helmet)
rElec    .         Harm     .   (no cloak)
rCorr    .         Rampage  .   (no gloves)
Will     .....                  (no boots)
Stlth    ++........             (no amulet)
HPRegen  0.11/turn              (no ring)
MPRegen  0.10/turn              (no ring)

@: mighty, brilliant, lethally poisoned (1 -> -2), flying
A: no striking features
a: no special abilities


You were on level 3 of the Dungeon.
You visited 1 branch of the dungeon, and saw 3 of its levels.

You collected 162 gold pieces.

Inventory:

Hand Weapons
 g - a +0 hand axe (weapon)
Armour
 a - a +0 robe (worn)
Jewellery
 h - an uncursed amulet of faith {unknown}
Scrolls
 c - a scroll of remove curse {unknown}
 f - a scroll of enchant weapon {unknown}
 i - a scroll of identify {unknown}
 j - a scroll of enchant armour {unknown}
 k - a scroll of magic mapping {unknown}
Potions
 e - a potion of flight


   Skills:
 + Level 2.5 Axes
 - Level 1.5 Dodging
 - Level 1.5 Stealth
 - Level 1.5 Spellcasting
 - Level 3.0 Conjurations
 - Level 4.0 Fire Magic


You had 5 spell levels left.
You knew the following spells:

 Your Spells              Type           Power        Failure   Level
a - Foxfire               Conj/Fire      76%          4%          1

Your spell library contained the following spells:

 Spells                   Type           Power        Failure   Level
 Conjure Flame            Conj/Fire      19%          16%         3
 Inner Flame              Hex/Fire       11%          28%         3
 Sticky Flame             Conj/Fire      19%          45%         4
 Fireball                 Conj/Fire      9%           80%         5


Dungeon Overview and Level Annotations

Branches:
Dungeon (3/15)

Altars:
Fedhas

Annotations:
D:2 Natasha, Robin


Message History

You fly up into the air.
* * * LOW HITPOINT WARNING * * *
You feel sick.
Your magical contamination has completely faded away.
It was a potion of brilliance.
You feel clever all of a sudden.
* * * LOW HITPOINT WARNING * * *
You feel sick.
Your foxfire dissipates! x2
It was a potion of might.
You feel very mighty all of a sudden.
* * * LOW HITPOINT WARNING * * *
You feel sick.
* * * LOW HITPOINT WARNING * * *
You feel sick.
* * * LOW HITPOINT WARNING * * *
You feel sick.
* * * LOW HITPOINT WARNING * * *
You feel sick.
Are you sure you want to abandon this character and quit the game? (Confirm with "yes".)

######## #......# ####
#.####†######### #..
#.#...........@# #.#
#.#.##†#######.#####.####
#.§ ...# #..........#.#
.......## ######.......#
#(###.#. #......#...# # #
#.#. #.##..## ..# # . #.
#.##.## ##.# # # #.
########.##..###..# #
#.....(..##.......#####


There were no monsters in sight!

Vanquished Creatures
  4 adders
  2 worms
  A dart slug (D:2)
  3 leopard geckos
  An orc (D:3)
  2 giant cockroaches
  6 goblins
  9 hobgoblins
  2 ball pythons
  4 bats
  2 frilled lizards
  5 kobolds
  5 rats
46 creatures vanquished.

Vanquished Creatures (others)
  138 foxfires
138 creatures vanquished.

Grand Total: 184 creatures vanquished

Notes
Turn   | Place    | Note
-------+----------+-------------------------------------------
     0 | D:1      | gruber the Hill Orc Fire Elementalist began the quest for
                  | the Orb.
     0 | D:1      | Reached XP level 1. HP: 14/14 MP: 3/3
   604 | D:1      | Reached XP level 2. HP: 20/20 MP: 0/4
  1110 | D:1      | Reached skill level 4 in Fire Magic
  1536 | D:2      | Noticed Robin
  1614 | D:2      | Reached XP level 3. HP: 26/26 MP: 0/5
  2171 | D:2      | Noticed Natasha
  2189 | D:3      | Reached XP level 4. HP: 33/33 MP: 0/6
  2233 | D:3      | Found a blossoming altar of Fedhas.
  2257 | D:3      | Reached skill level 1 in Axes
  2611 | D:3      | HP: 1/33 [poisoned by an adder]
  2612 | D:3      | Quit the game

Illustrated notes

Levels and vault maps discovered:
D:1:      lordsloth_arrival_two_stooges, layout_basic, grunt_decor_resistance,
          minmay_fountain_box
D:2:      layout_loops_ring, minmay_tromino_v2, uniq_natasha, uniq_robin
D:3:      layout_loops_cross, gup_sewer_entry_bubbles, fedhas_ov_isle_minmay

Skill      XL: |  1  2  3  4 |
---------------+-------------+-----
Fire Magic     | 4 |  4.0
Conjurations   | 3 |  3.0
Axes           | 2 |  2.5
Dodging        | |  1.5
Stealth        | |  1.5
Spellcasting   | |  1.5

Action                   |  1- 3 |  4- 6 || total
-------------------------+-------+-------++-------
Melee: Hand axe          |    15 |    37 ||    52
 Cast: Foxfire           |    58 |    21 ||    79
  Use: Potion            |       |     3 ||     3
 Stab: Sleeping          |     1 |     1 ||     2
Armor: Robe              |     3 |    11 ||    14
Dodge: Dodged            |    30 |    32 ||    62
